 Dungeon Crawl Stone Soup version 0.25-a0-366-g516bc45ae0 (webtiles) character file.

Game seed: 13106954565116479685, levelgen mode: deterministic

17 Essalna the Gusty (level 2, -2/15 HPs)
             Began as a Tengu Air Elementalist on Jan 6, 2020.
             Slain by a kobold
             ... wielding a +0 hand axe
              (7 damage)
             ... on level 1 of the Dungeon.
             The game lasted 00:02:01 (363 turns).

Essalna the Gusty (Tengu Air Elementalist)           Turns: 363, Time: 00:02:02

Health: -2/15      AC:  2    Str:  8    XL:     2   Next: 62%
Magic:  0/6        EV: 12    Int: 15    God:
Gold:   34         SH:  0    Dex: 14    Spells: 4/5 levels left

rFire    . . .     SeeInvis .   f - +0 dagger
rCold    . . .     Gourm    .   (no shield)
rNeg     . . .     Faith    .   a - +0 robe
rPois    +         Spirit   .   (helmet restricted)
rElec    .         Reflect  .   (no cloak)
rCorr    .         Harm     .   (no gloves)
MR       .....                  (boots unavailable)
Stlth    ++........             (no amulet)
HPRegen  0.05/turn              h - ring of poison resistance
MPRegen  0.10/turn              (no ring)

@: no status effects
A: beak, talons 3
a: no special abilities


You were on level 1 of the Dungeon.
You were not hungry.

You visited 1 branch of the dungeon, and saw 1 of its levels.

You collected 34 gold pieces.

Inventory:

Hand Weapons
 b - a cursed -3 hunting sling
 f - a +0 dagger (weapon)
Armour
 a - a +0 robe (worn)
Jewellery
 h - a ring of poison resistance (left hand)
Scrolls
 e - 2 scrolls of identify {unknown}
 g - a scroll of magic mapping {unknown}
 i - a scroll of immolation {unknown}
Potions
 d - a potion of might {unknown}
Comestibles
 c - 2 rations
 j - 4 chunks of flesh


   Skills:
 - Level 2.2 Dodging
 - Level 2.0 Stealth
 + Level 2.3 Spellcasting
 + Level 2.2 Conjurations
 + Level 4.3 Air Magic


You had 4 spell levels left.
You knew the following spells:

 Your Spells              Type           Power        Failure   Level  Hunger
a - Shock                 Conj/Air       ##..         5%          1    #......

Your spell library contained the following spells:

 Spells                   Type           Power        Failure   Level  Hunger
 Swiftness                Chrm/Air       #.......     13%         2    ###....
 Static Discharge         Conj/Air       ##......     17%         3    ###....
 Airstrike                Air            ##........   34%         4    #####..
 Lightning Bolt           Conj/Air       ##........   83%         5    ######.


Dungeon Overview and Level Annotations

Branches:
Dungeon (1/15)

Altars:


Innate Abilities, Weirdness & Mutations

You have a beak for a mouth.
You have claws for feet.


Message History

You don't have enough magic to cast that spell.
Unknown command.
You hit the jackal but do no damage. Your kick misses the jackal.
The jackal is moderately wounded.
The jackal closely misses you.
You closely miss the jackal. Your kick misses the jackal.
The jackal is moderately wounded.
The jackal closely misses you.
You miss the jackal.
The jackal is moderately wounded.
The jackal barely misses you. The kobold hits you with a +0 hand axe.
The jackal barely misses you.
You barely miss the jackal.
The jackal is moderately wounded.
The jackal bites you but does no damage.
The kobold closely misses you.
You hit the jackal.
The jackal is almost dead.
The jackal bites you. The kobold hits you with a +0 hand axe!
You die...

#.#####..####.#.##.##
#.)......####.#.)....
#.######......#....## #.#
########.##### ####.### #.#####
####......# # #....†. #.......#.#
... #.#####
......†..#.###.....###.#####
...........@h†.....#.......#
........##K###†....#.#.###.#
##.......#.# ...#....##.# .
####......# ##.....#.# . ##...###
#....##.# ...#########.##
#.#..##.# ...#.......#.###
#......[#
...#.####......#############.####
...#.####.).............####.#


You could see a jackal and a kobold.

Vanquished Creatures
  3 bats (D:1)
  2 goblins (D:1)
  3 hobgoblins (D:1)
  3 jackals (D:1)
  A frilled lizard (D:1)
  2 kobolds (D:1)
  A rat (D:1)
15 creatures vanquished.

Notes
Turn   | Place    | Note
-------+----------+-------------------------------------------
     0 | D:1      | Essalna the Tengu Air Elementalist began the quest for the
                  | Orb.
     0 | D:1      | Reached XP level 1. HP: 10/10 MP: 4/4
   136 | D:1      | Reached XP level 2. HP: 15/15 MP: 0/6
   363 | D:1      | Slain by a kobold

Levels and vault maps discovered:
D:1:      scummos_arrival_star, layout_loops_cross

Skill      XL: |  1  2 |
---------------+-------+-----
Conjurations   | 2 |  2.2
Dodging        | |  2.2
Stealth        | |  2.0
Spellcasting   | |  2.3
Air Magic      | |  4.3

Action                   || total
-------------------------++-------
Melee: Dagger            ||    12
       Peck              ||     1
       Kick              ||     2
 Cast: Shock             ||    21
Armor: Robe              ||     2
Dodge: Dodged            ||    21

Table legend:
 A = Non-vault XP
 B = Vault XP
 C = Vault XP percentage of total XP
 D = Non-vault monster count
 E = Vault monster count
 F = Vault count percentage of total count
                 A         B        C        D         E       F
            +---------+---------+-------+---------+---------+-------
      Total |      25 |       0 |   0.0 |      15 |       0 |   0.0
            +---------+---------+-------+---------+---------+-------
        D:1 |      25 |       0 |   0.0 |      15 |       0 |   0.0
            +---------+---------+-------+---------+---------+-------
